 Dungeon Sprint DCSS version 0.19.4-8-ga85b6b9 (webtiles) character file.

13500000 protoss039 the Conqueror (level 27, -127/273 HPs)
             Began as a Ghoul Warper on Feb 13, 2017.
             Was the Champion of Makhleb.
             Annihilated by a fleshlord
             ... wielding a +9 great mace
              (323 damage)
             ... in the Dungeon (Sprint VIII: "Arena of Blood").
             The game lasted 00:06:15 (135 turns).

protoss039 the Conqueror (Ghoul Warper)              Turns: 135, Time: 00:06:16

Health: -127/273   AC:  6    Str: 28    XL:     27
Magic:  38/53      EV: 24    Int:  8    God:    Makhleb [******]
Gold:   0          SH:  0    Dex:  8    Spells: 0 memorised, 80 levels left

rFire  . . .     SeeInvis .     k - +∞ Axe of Woe
rCold  + . .     Gourm    .     a - +0 leather armour
rNeg   + + +     Faith    .     (shield currently unavailable)
rPois  ∞         Spirit   .     (no helmet)
rElec  .         Reflect  .     (no cloak)
rCorr  .         Harm     .     (no gloves)
MR     ++...     NoTele   +     (no boots)
Stlth  +++++++++.               (no amulet)
                                n - +250 ring of slaying
                                o - +250 ring of slaying

@: rotting, slowed, very slow
A: rotting body, claws 1, carnivore 3, cold resistance 1, negative energy
resistance 3, slow regeneration 1, torment resistance, unbreathing
a: Minor Destruction, Lesser Servant of Makhleb, Major Destruction, Greater
Servant of Makhleb, Renounce Religion


You were in the Dungeon.
You worshipped Makhleb.
Makhleb was exalted by your worship.
You were not hungry.

You visited 1 branch

Inventory:

Hand Weapons
 k - the +∞ Axe of Woe (weapon)
   (You found it in the Dungeon)
Missiles
 d - 5 tomahawks of dispersal (quivered)
Armour
 a - a +0 leather armour (worn)
Jewellery
 l - a +200 ring of slaying
 m - a +200 ring of slaying
 n - a +250 ring of slaying (right claw)
 o - a +250 ring of slaying (left claw)
Scrolls
 c - 2 scrolls of blinking
Potions
 e - a potion of curing
 g - a potion of heal wounds
 h - a potion of haste
 i - 2 potions of magic
 j - a potion of berserk rage
Books
 b - a book of Spatial Translocations

   Spells                             Type                      Level
   a - Blink                          Translocation                2
   b - Shroud of Golubria             Charms/Translocation         2
   c - Lesser Beckoning               Translocation                3
   d - Portal Projectile              Translocation                3
   e - Teleport Other                 Translocation                3
   f - Passage of Golubria            Translocation                4
Comestibles
 f - a meat ration


   Skills:
 O Level 27 Fighting
 O Level 27 Axes
 O Level 27 Throwing
 O Level 27 Armour
 O Level 27 Dodging
 O Level 27 Stealth
 O Level 27 Unarmed Combat
 O Level 27 Spellcasting
   Level 2.6 Translocations
 O Level 27 Invocations


You had 80 spell levels left.
You didn't know any spells.

Dungeon Overview and Level Annotations

Branches:
Dungeon (1/1)

Altars:
Makhleb


Innate Abilities, Weirdness & Mutations

Your body is rotting away.
You thrive on raw meat.
You are immune to poison.
You have sharp fingernails.
You are carnivorous and can eat meat at any time.
Your flesh is cold resistant. (rC+)
You are immune to negative energy. (rN+++)
You regenerate slowly when monsters are visible.
You are immune to unholy pain and torment.
You can survive without breathing.


Message History

You feel better.
You cut the fleshlord into ribbons!!!!!!
You pulverise the fleshlord into a thin bloody mist.
You kill the fleshlord!
Makhleb accepts your kill.
You are engulfed in roaring flames.
Something bites your cacodemon!! Something tramples your cacodemon!
Your cacodemon holds its ground!
You hear a shout! x3
Something bites your cacodemon!
Something closely misses your cacodemon.
You hear a shout!
The destroyer blinks!
You feel something staring at you.
A bolt of fire appears from out of thin air!
The bolt of fire hits the fleshlord.
The fleshlord completely resists.
Deactivating autopickup; reactivate with Ctrl-A.
The bolt of fire hits you!
The scourge moves out of view.
The fleshlord hits you with a +9 great mace!!!!!!
Ouch! That really hurt!
You die...

#... ...# . #%..
..%# ..C###...
...###.
...o.%..###..%..%
#.o.....)_)......
......#.))%.#.....
..... #V§o)_# .W.
...%.M#§§§%)#C.oD.
#..WooO)2@pS.§...%.
...o..o2###)....%..
...###.o. .%%###%..
.M #.%S...%# ..
#%%..O..# %...o....
..........O
...........


You could see an accursed, a meat beast, an eight-headed meat hydra, a
destroyer, a scourge, a fleshlord, a large bag of meat (inner flame), 2 dreads,
a meat berserker (berserk), 6 bags of meat and a friendly cacodemon.

Vanquished Creatures
  2 hell knights (D)
  Sigmund (D)
  5 hell beasts (D)
  9 greater mummies (D)
  3 great orbs of eyes (D)
  4 wraiths (D)
  Harold (D)
  18 vampire knights (D)
  42 ogres (D)
  2 liches (D)
  2 hydras (D)
  50 orcs (D)
  5 phantoms (D)
  11 hill giants (D)
  6 skeletal warriors (D)
  3 sea snakes (D)
  5 large abominations (D)
  10 small abominations (D)
  10 crawling corpses (D)
189 creatures vanquished.

Vanquished Creatures (others)
  5 crawling corpses (D)
5 creatures vanquished.

Grand Total: 194 creatures vanquished

Notes
Turn   | Place    | Note
-------+----------+-------------------------------------------
     0 | D        | protoss039 the Ghoul Warper began the quest for the Orb.
     0 | D        | Reached XP level 1. HP: 17/17 MP: 2/2
     2 | D        | Noticed a bag of meat
     3 | D        | Became a worshipper of Makhleb the Destroyer
     4 | D        | Noticed a bag of meat
     4 | D        | Noticed a bag of meat
     6 | D        | Noticed a bag of meat
     9 | D        | Killed a bag of meat
     9 | D        | Reached XP level 2. HP: 47/47 MP: 2/15
     9 | D        | Reached XP level 3. HP: 53/53 MP: 2/17
     9 | D        | Reached XP level 4. HP: 61/61 MP: 2/18
     9 | D        | Reached XP level 5. HP: 68/68 MP: 2/20
     9 | D        | Reached XP level 6. HP: 75/75 MP: 2/21
     9 | D        | Reached XP level 7. HP: 82/82 MP: 2/23
     9 | D        | Reached XP level 8. HP: 90/90 MP: 2/24
     9 | D        | Reached XP level 9. HP: 96/96 MP: 2/25
     9 | D        | Reached XP level 10. HP: 104/104 MP: 2/26
     9 | D        | Reached XP level 11. HP: 111/111 MP: 2/27
     9 | D        | Reached XP level 12. HP: 118/118 MP: 2/28
    10 | D        | Killed a bag of meat
    10 | D        | Reached * piety under Makhleb
    10 | D        | Reached skill level 5 in Throwing
    10 | D        | Reached skill level 5 in Armour
    10 | D        | Reached skill level 15 in Spellcasting
    10 | D        | Reached XP level 13. HP: 130/130 MP: 2/31
    10 | D        | Killed a bag of meat
    10 | D        | Reached skill level 15 in Dodging
    10 | D        | Reached XP level 14. HP: 141/141 MP: 2/33
    11 | D        | Noticed a meat berserker
    11 | D        | Noticed a meat berserker
    11 | D        | Killed a bag of meat
    12 | D        | Noticed a bag of meat
    13 | D        | Noticed a bag of meat
    14 | D        | Noticed a bag of meat
    14 | D        | Killed a meat berserker
    14 | D        | Reached ** piety under Makhleb
    14 | D        | Reached XP level 15. HP: 157/157 MP: 3/37
    15 | D        | Noticed a meat berserker
    15 | D        | Killed a meat berserker
    15 | D        | Reached XP level 16. HP: 141/169 MP: 4/39
    16 | D        | Killed a meat berserker
    16 | D        | Reached XP level 17. HP: 180/180 MP: 4/42
    16 | D        | Reached *** piety under Makhleb
    16 | D        | Reached skill level 15 in Axes
    18 | D        | Noticed a meat berserker
    19 | D        | Reached skill level 10 in Armour
    19 | D        | Reached XP level 18. HP: 194/194 MP: 5/44
    20 | D        | Noticed a meat berserker
    22 | D        | Noticed a meat berserker
    22 | D        | Noticed a meat berserker
    22 | D        | Killed a meat berserker
    22 | D        | Reached **** piety under Makhleb
    22 | D        | Reached skill level 27 in Fighting
    23 | D        | Killed a meat berserker
    23 | D        | Reached skill level 10 in Throwing
    23 | D        | Reached skill level 27 in Unarmed Combat
    23 | D        | Reached XP level 19. HP: 207/207 MP: 6/48
    25 | D        | Noticed a destroyer
    26 | D        | Noticed a large bag of meat
    26 | D        | Killed a meat berserker
    26 | D        | Reached skill level 27 in Spellcasting
    26 | D        | Killed a meat berserker
    26 | D        | Reached XP level 20. HP: 216/216 MP: 7/50
    28 | D        | Noticed a destroyer
    28 | D        | Noticed a destroyer
    29 | D        | Killed a destroyer
    29 | D        | Reached ***** piety under Makhleb
    29 | D        | Reached skill level 27 in Axes
    29 | D        | Reached skill level 27 in Dodging
    30 | D        | Noticed a large bag of meat
    30 | D        | Killed a destroyer
    30 | D        | Reached XP level 21. HP: 224/224 MP: 8/51
    31 | D        | Noticed a meat berserker
    32 | D        | Noticed a meat berserker
    33 | D        | Noticed a destroyer
    33 | D        | Noticed a destroyer
    33 | D        | Killed a destroyer
    33 | D        | Reached skill level 27 in Armour
    33 | D        | Reached XP level 22. HP: 233/233 MP: 9/52
    33 | D        | Reached skill level 27 in Throwing
    35 | D        | Reached skill level 15 in Invocations
    36 | D        | Reached ****** piety under Makhleb
    36 | D        | Reached XP level 23. HP: 240/240 MP: 10/53
    37 | D        | Reached skill level 27 in Stealth
    38 | D        | Reached skill level 27 in Invocations
    38 | D        | Killed a destroyer
    39 | D        | Noticed a destroyer
    39 | D        | Killed a destroyer
    39 | D        | Reached XP level 24. HP: 249/249 MP: 11/53
    42 | D        | Noticed a destroyer
    43 | D        | Noticed a destroyer
    43 | D        | Noticed a destroyer
    43 | D        | Killed a destroyer
    43 | D        | Reached XP level 25. HP: 257/257 MP: 12/53
    44 | D        | Noticed a destroyer
    45 | D        | Noticed a destroyer
    45 | D        | Killed a destroyer
    45 | D        | Reached XP level 26. HP: 266/266 MP: 12/53
    45 | D        | Killed a destroyer
    46 | D        | Noticed a destroyer
    47 | D        | Killed a destroyer
    49 | D        | Reached XP level 27. HP: 273/273 MP: 13/53
    49 | D        | Killed a destroyer
    49 | D        | Killed a destroyer
    55 | D        | Killed a destroyer
    56 | D        | Noticed a tyrant
    57 | D        | Noticed The Servant
    59 | D        | Noticed an accursed
    59 | D        | Noticed a dread
    62 | D        | Killed a dread
    65 | D        | Noticed a destroyer
    67 | D        | Noticed an accursed
    68 | D        | Noticed a meat beast
    68 | D        | Killed a destroyer
    68 | D        | Killed a tyrant
    70 | D        | Killed a meat beast
    71 | D        | Noticed a meat beast
    71 | D        | Noticed a destroyer
    72 | D        | Noticed a dread
    74 | D        | Killed The Servant
    74 | D        | Noticed a meat beast
    75 | D        | Killed a meat beast
    76 | D        | Noticed a meat beast
    76 | D        | Killed a meat beast
    76 | D        | Killed a dread
    77 | D        | Noticed an accursed
    78 | D        | Noticed a destroyer
    78 | D        | Killed a meat beast
    78 | D        | Killed a destroyer
    79 | D        | Killed an accursed
    80 | D        | Noticed a dread
    82 | D        | Noticed an accursed
    83 | D        | Noticed a destroyer
    84 | D        | Killed an accursed
    86 | D        | Noticed The Captor
    86 | D        | Noticed a dread
    86 | D        | Noticed a destroyer
    86 | D        | Killed a dread
    86 | D        | Killed a destroyer
    87 | D        | Noticed an accursed
    87 | D        | Killed a destroyer
    88 | D        | Noticed an accursed
    88 | D        | Noticed a destroyer
    88 | D        | Killed an accursed
    89 | D        | Noticed an accursed
    91 | D        | Killed a destroyer
    93 | D        | Killed an accursed
    93 | D        | Killed a dread
    94 | D        | Noticed a tyrant
    94 | D        | Killed a destroyer
    94 | D        | Killed The Captor
    96 | D        | Killed an accursed
    97 | D        | Killed an accursed
    98 | D        | Noticed an accursed
   100 | D        | Killed a tyrant
   102 | D        | Killed an accursed
   108 | D        | Killed an accursed
   114 | D        | Noticed a dread
   115 | D        | Noticed an accursed
   116 | D        | Noticed an accursed
   116 | D        | Noticed a meat beast
   119 | D        | Killed a meat beast
   120 | D        | Noticed a fleshlord
   126 | D        | Noticed a fleshlord
   127 | D        | Killed an accursed
   128 | D        | Killed a fleshlord
   129 | D        | Noticed a fleshlord
   130 | D        | Noticed a destroyer
   133 | D        | Noticed a meat beast
   134 | D        | Noticed a dread
   135 | D        | Killed a fleshlord
   135 | D        | Annihilated by a fleshlord

Skill      XL: |  1  2  3  4  5  6  7  8  9 10 11 12 13 14 15 16 17 18 19 20 21 22 23 |
---------------+----------------------------------------------------------------------+-----
Fighting       | 14 16 17 20 22 23 25 27 | 27.0
Axes           | 4 6 7 11 13 14 17 21 26 27 | 27.0
Throwing       | 4 5 6 7 8 10 11 21 26 27 | 27.0
Armour         | 4 5 6 7 8 9 10 11 12 24 27 | 27.0
Dodging        | 12 14 15 18 19 20 21 23 25 27 | 27.0
Unarmed Combat | 14 16 17 20 21 23 24 27 | 27.0
Spellcasting   | 13 15 16 19 20 22 23 26 27 | 27.0
Stealth        | 23 27 | 27.0
Invocations    | 22 27 | 27.0
Translocations | |  2.6

Action                   |  1- 3 |  4- 6 |  7- 9 | 10-12 | 13-15 | 16-18 | 19-21 | 22-24 | 25-27 || total
-------------------------+-------+-------+-------+-------+-------+-------+-------+-------+-------++-------
Melee: Executioner's axe |     1 |       |       |     1 |     3 |     6 |     4 |     9 |    60 ||    84
Invok: Greater Servant o |       |       |       |       |       |       |       |       |     1 ||     1
Dodge: Dodged            |       |       |       |       |     1 |     1 |       |       |     7 ||     9
